[ AOE2 MATCH · #484161708 ]
UnrankedHuns vs Muisca
[ REPLAY ANALYSIS · EXTRACTED FROM THE RECORDED GAME ]
Feudal
11:40
Castle
15:19
Imperial
—
| APM avg | 15.9 |
| APM peak | 49 |
| eAPM avg | 8.7 |
| Villagers / military | 38 / 4 |
Focus
⚔️ 13.4% · 🌾 86.6%
Tarkan ×4
Feudal
9:43
Castle
13:09
Imperial
—
| APM avg | 27.1 |
| APM peak | 65 |
| eAPM avg | 18.4 |
| Villagers / military | 39 / 13 |
Focus
⚔️ 36.6% · 🌾 63.4%
Monk ×6 · Battering Ram ×5 · Scorpion ×2 · Unknown (2586) ×1
Feudal
11:51
Castle
15:51
Imperial
—
| APM avg | 28.3 |
| APM peak | 50 |
| eAPM avg | 12.7 |
| Villagers / military | 42 / 1 |
Focus
⚔️ 5.5% · 🌾 94.5%
Monk ×1
Feudal
10:31
Castle
14:20
Imperial
—
| APM avg | 40.3 |
| APM peak | 113 |
| eAPM avg | 24.6 |
| Villagers / military | 40 / 3 |
Focus
⚔️ 31.0% · 🌾 69.0%
Knight ×3
Feudal
11:12
Castle
15:08
Imperial
—
| APM avg | 19.9 |
| APM peak | 36 |
| eAPM avg | 9.9 |
| Villagers / military | 23 / 2 |
Focus
⚔️ 18.9% · 🌾 81.1%
Unknown (1974) ×5 · Mangonel ×1 · Spearman ×1
Feudal
12:14
Castle
16:06
Imperial
—
| APM avg | 31.2 |
| APM peak | 65 |
| eAPM avg | 13.9 |
| Villagers / military | 42 / 1 |
Focus
⚔️ 17.2% · 🌾 82.8%
Monk ×1
Feudal
11:21
Castle
15:00
Imperial
—
| APM avg | 16.6 |
| APM peak | 49 |
| eAPM avg | 11.1 |
| Villagers / military | 45 / 2 |
Focus
⚔️ 7.2% · 🌾 92.8%
Spearman ×2
Feudal
9:02
Castle
—
Imperial
—
| APM avg | 24.2 |
| APM peak | 67 |
| eAPM avg | 12.3 |
| Villagers / military | 44 / 11 |
Focus
⚔️ 15.1% · 🌾 84.9%
Scout Cavalry ×11
Match map
Initial resources + every placement click. Lines = walls · curves = elevation contours. ◆ gold · ⬟ stone · ● berries · ✦ relic · ◌ wall gap
Your base· ✓ Closed at 15:19 · 0t walls · 2 gate(s)
TVHG.llavero maldito's base· ✓ Closed at 13:09 · 0t walls · 2 gate(s)
Xioeng | LvSP's base· ✓ Closed at 15:51 · 0t walls · 2 gate(s)
TVHG.Nitram Aoe's base· ✓ Closed at 14:20 · 0t walls · 2 gate(s)
Pukaso's base· ✓ Closed at 15:08 · 1t walls · 3 gate(s)
TVHG.- Puntano's base· ✓ Closed at 16:06 · 0t walls · 3 gate(s)
[H] Sir Benedict's base· ✓ Closed at 15:00 · 0t walls · 3 gate(s)
Correntino's base· ✓ Closed at 12:00 · 0t walls · 3 gate(s)
Smoothed initial terrain · ◌ = detected wall gap · hover for details
Inputs per minute
— 一点通 - - TVHG.llavero maldito
Build order — 一点通
74 actions detected in the replay
| 0:00 | Create | Villager (Male) |
| 0:01 | Create | Villager (Male) |
| 0:02 | Create | Villager (Male) |
| 0:02 | Create | Villager (Male) |
| 1:20 | Build | Lumber Camp |
| 1:26 | Create | Villager (Male) |
| 1:26 | Create | Villager (Male) |
| 1:51 | Create | Villager (Male) |
| 2:23 | Create | Villager (Male) |
| 2:23 | Create | Villager (Male) |
| 2:52 | Create | Villager (Male) |
| 3:21 | Create | Villager (Male) |
| 3:43 | Create | Villager (Male) |
| 3:44 | Create | Villager (Male) |
| 3:44 | Create | Villager (Male) |
| 4:12 | Create | Villager (Male) |
| 4:13 | Create | Villager (Male) |
| 4:17 | Build | Mill |
| 4:32 | Create | Villager (Male) |
| 5:01 | Create | Villager (Male) |
| 5:02 | Create | Villager (Male) |
| 5:46 | Create | Villager (Male) |
| 7:00 | Create | Villager (Male) |
| 7:00 | Create | Villager (Male) |
| 7:00 | Create | Villager (Male) |
| 7:01 | Create | Villager (Male) |
| 7:01 | Create | Villager (Male) |
| 7:16 | Build | Farm |
| 7:18 | Build | Farm |
| 8:11 | Create | Villager (Male) |
| 9:02 | Create | Villager (Male) |
| 9:07 | Build | Farm |
| 9:17 | Build | Mining Camp |
| 9:28 | Research | Feudal Age |
| 10:11 | Build | Mining Camp |
| 10:51 | Create | Villager (Male) |
| 10:51 | Create | Villager (Male) |
| 11:40 | Age | Feudal Age |
| 11:42 | Create | Villager (Male) |
| 11:42 | Research | Town Watch |
| 11:46 | Build | Market |
| 11:49 | Build | Blacksmith |
| 12:39 | Research | Castle Age |
| 12:50 | Research | Double-Bit Axe |
| 12:53 | Research | Horse Collar |
| 13:02 | Build | Farm |
| 13:03 | Build | Farm |
| 13:35 | Build | Farm |
| 13:45 | Build | Farm |
| 14:09 | Build | Farm |
| 14:21 | Create | Villager (Male) |
| 14:21 | Create | Villager (Male) |
| 14:46 | Research | Gold Mining |
| 15:19 | Age | Castle Age |
| 15:27 | Research | Bow Saw |
| 15:57 | Build | Castle |
| 16:05 | Create | Villager (Male) |
| 16:38 | Create | Villager (Male) |
| 16:39 | Create | Villager (Male) |
| 16:53 | Build | Mill |
| 17:09 | Create | Villager (Male) |
| 17:28 | Create | Villager (Male) |
| 17:36 | Create | Tarkan |
| 17:36 | Create | Tarkan |
| 17:37 | Create | Tarkan |
| 17:37 | Create | Tarkan |
| 17:47 | Build | Farm |
| 17:48 | Build | Farm |
| 17:52 | Build | Farm |
| 17:55 | Build | Farm |
| 17:56 | Create | Villager (Male) |
| 18:08 | Build | Farm |
| 18:12 | Build | Farm |
| 18:13 | Build | Farm |
Build order — TVHG.llavero maldito
75 actions detected in the replay
| 0:01 | Create | Villager (Male) |
| 0:01 | Create | Villager (Male) |
| 0:02 | Create | Villager (Male) |
| 0:02 | Create | Villager (Male) |
| 0:02 | Create | Villager (Male) |
| 0:02 | Create | Villager (Male) |
| 0:03 | Build | House |
| 0:04 | Build | House |
| 1:18 | Create | Villager (Male) |
| 1:18 | Create | Villager (Male) |
| 1:50 | Build | Settlement |
| 1:59 | Create | Villager (Male) |
| 2:00 | Create | Villager (Male) |
| 2:08 | Create | Villager (Male) |
| 2:09 | Create | Villager (Male) |
| 2:46 | Create | Villager (Male) |
| 2:46 | Create | Villager (Male) |
| 3:05 | Create | Villager (Male) |
| 3:05 | Create | Villager (Male) |
| 3:48 | Create | Villager (Male) |
| 4:02 | Create | Villager (Male) |
| 4:19 | Create | Villager (Male) |
| 4:20 | Create | Villager (Male) |
| 4:34 | Build | Settlement |
| 4:44 | Create | Villager (Male) |
| 4:44 | Create | Villager (Male) |
| 4:57 | Create | Villager (Male) |
| 5:18 | Create | Villager (Male) |
| 5:43 | Build | Settlement |
| 5:44 | Create | Villager (Male) |
| 5:47 | Create | Villager (Male) |
| 6:05 | Create | Villager (Male) |
| 6:19 | Create | Villager (Male) |
| 6:48 | Create | Villager (Male) |
| 7:01 | Research | Loom |
| 7:23 | Research | Feudal Age |
| 7:23 | Research | Feudal Age |
| 9:11 | Create | Villager (Male) |
| 9:43 | Age | Feudal Age |
| 9:46 | Build | Market |
| 9:48 | Build | Blacksmith |
| 10:29 | Research | Castle Age |
| 12:06 | Create | Villager (Male) |
| 12:17 | Research | Double-Bit Axe |
| 12:18 | Create | Villager (Male) |
| 12:35 | Build | House |
| 12:35 | Build | House |
| 13:09 | Age | Castle Age |
| 13:11 | Build | Siege Workshop |
| 13:13 | Build | Monastery |
| 13:29 | Create | Villager (Male) |
| 13:54 | Create | Battering Ram |
| 13:55 | Create | Battering Ram |
| 13:55 | Create | Battering Ram |
| 13:57 | Create | Monk |
| 13:57 | Create | Monk |
| 14:16 | Create | Monk |
| 14:20 | Create | Villager (Male) |
| 14:27 | Create | Scorpion |
| 14:43 | Create | Scorpion |
| 14:45 | Create | Monk |
| 15:09 | Create | Villager (Male) |
| 15:10 | Create | Villager (Male) |
| 15:10 | Create | Villager (Male) |
| 15:16 | Build | Farm |
| 15:50 | Build | Farm |
| 15:51 | Build | Farm |
| 16:05 | Create | Monk |
| 16:06 | Create | Villager (Male) |
| 16:15 | Build | Farm |
| 16:35 | Create | Monk |
| 17:07 | Create | Villager (Male) |
| 17:14 | Create | Unit 2586 |
| 17:19 | Create | Battering Ram |
| 17:36 | Create | Battering Ram |
Build order — Xioeng | LvSP
80 actions detected in the replay
| 0:03 | Build | House |
| 0:05 | Build | House |
| 0:06 | Create | Villager (Male) ×4 |
| 1:34 | Create | Villager (Male) |
| 2:02 | Create | Villager (Male) |
| 2:02 | Create | Villager (Male) |
| 2:22 | Build | Lumber Camp |
| 2:24 | Create | Villager (Male) |
| 2:24 | Create | Villager (Male) |
| 2:32 | Create | Villager (Male) |
| 3:13 | Create | Villager (Male) |
| 3:13 | Create | Villager (Male) |
| 3:42 | Create | Villager (Male) |
| 3:42 | Create | Villager (Male) |
| 3:45 | Build | House |
| 3:46 | Build | House |
| 3:46 | Build | House |
| 4:27 | Create | Villager (Male) |
| 4:40 | Create | Villager (Male) |
| 5:01 | Create | Villager (Male) |
| 5:09 | Build | Mill |
| 5:12 | Create | Villager (Male) |
| 5:13 | Create | Villager (Male) |
| 5:13 | Create | Villager (Male) |
| 6:31 | Create | Villager (Male) |
| 6:36 | Build | Mill |
| 7:02 | Create | Villager (Male) |
| 7:19 | Build | Mining Camp |
| 7:31 | Create | Villager (Male) ×5 |
| 8:08 | Build | Lumber Camp |
| 8:35 | Research | Feudal Age |
| 9:57 | Build | Farm |
| 9:58 | Build | Farm |
| 9:59 | Build | Farm |
| 10:00 | Build | Farm |
| 10:30 | Create | Villager (Male) |
| 10:31 | Create | Villager (Male) |
| 10:54 | Build | House |
| 11:14 | Build | Farm |
| 11:18 | Build | Farm |
| 11:51 | Age | Feudal Age |
| 11:53 | Build | Blacksmith |
| 12:03 | Build | Market |
| 12:09 | Create | Villager (Male) |
| 12:34 | Research | Double-Bit Axe |
| 12:52 | Research | Horse Collar |
| 12:59 | Build | Farm |
| 13:11 | Research | Castle Age |
| 13:19 | Build | Farm |
| 13:24 | Build | Farm |
| 13:31 | Build | Farm |
| 13:43 | Research | Stone Mining |
| 15:51 | Age | Castle Age |
| 15:55 | Build | Town Center |
| 15:59 | Build | Town Center |
| 16:02 | Create | Villager (Male) |
| 16:03 | Create | Villager (Male) |
| 16:05 | Build | Monastery |
| 16:11 | Research | Bow Saw |
| 16:38 | Create | Villager (Male) |
| 16:40 | Build | House |
| 16:41 | Create | Monk |
| 16:46 | Build | House |
| 17:01 | Build | Farm |
| 17:03 | Create | Villager (Male) |
| 17:05 | Create | Villager (Male) |
| 17:13 | Create | Villager (Male) |
| 17:14 | Create | Villager (Male) |
| 17:24 | Create | Villager (Male) |
| 17:24 | Create | Villager (Male) |
| 17:28 | Build | Lumber Camp |
| 17:45 | Create | Villager (Male) |
| 17:55 | Build | House |
| 17:57 | Build | House |
| 17:58 | Build | House |
| 17:59 | Build | House |
| 18:02 | Create | Villager (Male) |
| 18:08 | Build | Farm |
| 18:10 | Build | Farm |
| 18:12 | Create | Villager (Male) |
Build order — TVHG.Nitram Aoe
90 actions detected in the replay
| 0:01 | Create | Villager (Male) |
| 0:01 | Create | Villager (Male) |
| 0:02 | Build | House |
| 0:03 | Build | House |
| 0:20 | Create | Villager (Male) |
| 0:20 | Create | Villager (Male) |
| 1:10 | Create | Villager (Male) |
| 1:10 | Create | Villager (Male) |
| 1:47 | Create | Villager (Male) |
| 2:02 | Create | Villager (Male) |
| 2:02 | Create | Villager (Male) |
| 2:32 | Create | Villager (Male) |
| 3:08 | Create | Villager (Male) |
| 3:08 | Create | Villager (Male) |
| 3:24 | Build | House |
| 3:24 | Build | House |
| 3:27 | Create | Villager (Male) |
| 3:28 | Create | Villager (Male) |
| 3:39 | Build | Mill |
| 3:44 | Create | Villager (Male) |
| 3:44 | Create | Villager (Male) |
| 3:45 | Create | Villager (Male) |
| 4:05 | Create | Villager (Male) |
| 4:05 | Create | Villager (Male) |
| 4:40 | Create | Villager (Male) |
| 4:54 | Create | Villager (Male) |
| 4:54 | Create | Villager (Male) |
| 5:24 | Create | Villager (Male) |
| 5:51 | Create | Villager (Male) |
| 6:20 | Create | Villager (Male) |
| 6:22 | Create | Villager (Male) |
| 6:34 | Build | Mule Cart |
| 6:40 | Create | Villager (Male) |
| 7:13 | Create | Villager (Male) |
| 8:20 | Research | Feudal Age |
| 8:20 | Research | Feudal Age |
| 8:27 | Build | House |
| 8:30 | Build | Barracks |
| 8:39 | Build | Barracks |
| 8:51 | Build | Farm |
| 8:53 | Build | Farm |
| 10:31 | Age | Feudal Age |
| 10:35 | Build | Market |
| 10:39 | Create | Villager (Male) |
| 10:39 | Create | Villager (Male) |
| 11:06 | Build | Blacksmith |
| 11:40 | Research | Castle Age |
| 11:40 | Research | Castle Age |
| 12:07 | Build | Farm |
| 12:12 | Research | Double-Bit Axe |
| 12:18 | Research | Horse Collar |
| 12:18 | Research | Horse Collar |
| 12:43 | Build | Farm |
| 12:55 | Create | Villager (Male) |
| 12:58 | Build | Farm |
| 13:12 | Build | Farm |
| 13:17 | Build | Farm |
| 13:30 | Create | Villager (Male) |
| 13:32 | Build | Farm |
| 13:44 | Build | Farm |
| 13:50 | Build | Farm |
| 14:10 | Build | Farm |
| 14:20 | Age | Castle Age |
| 14:23 | Build | Monastery |
| 14:50 | Create | Villager (Male) |
| 15:02 | Build | Farm |
| 15:10 | Create | Villager (Male) |
| 15:20 | Build | Farm |
| 15:27 | Create | Villager (Male) |
| 15:31 | Build | House |
| 15:33 | Build | House |
| 15:41 | Research | Bow Saw |
| 15:48 | Build | Farm |
| 15:50 | Create | Villager (Male) |
| 16:07 | Research | Scale Barding Armor |
| 16:16 | Build | Stable |
| 16:36 | Create | Villager (Male) |
| 16:48 | Build | Stable |
| 16:59 | Build | Stable |
| 17:02 | Create | Villager (Male) |
| 17:07 | Research | Gold Mining |
| 17:17 | Research | Husbandry |
| 17:22 | Create | Villager (Male) |
| 17:29 | Build | House |
| 17:34 | Build | House |
| 17:41 | Create | Villager (Male) |
| 18:05 | Create | Knight |
| 18:05 | Create | Knight |
| 18:06 | Create | Knight |
| 18:14 | Build | Town Center |
Build order — Pukaso
64 actions detected in the replay
| 0:02 | Create | Villager (Male) |
| 0:02 | Create | Villager (Male) |
| 0:03 | Build | House |
| 0:04 | Build | House |
| 0:20 | Create | Villager (Male) |
| 0:40 | Create | Villager (Male) |
| 1:21 | Build | Lumber Camp |
| 1:24 | Create | Villager (Male) |
| 1:56 | Create | Villager (Male) |
| 2:16 | Create | Villager (Male) |
| 2:48 | Create | Villager (Male) |
| 3:04 | Create | Villager (Male) |
| 3:20 | Build | House |
| 3:22 | Build | House |
| 3:40 | Create | Villager (Male) |
| 4:00 | Create | Villager (Male) |
| 4:02 | Create | Villager (Male) |
| 4:30 | Create | Villager (Male) |
| 4:59 | Create | Villager (Male) |
| 5:29 | Create | Villager (Male) |
| 5:35 | Build | Mill |
| 6:03 | Create | Villager (Male) |
| 6:20 | Create | Villager (Male) |
| 6:57 | Create | Villager (Male) |
| 7:05 | Build | Mill |
| 7:09 | Create | Villager (Male) |
| 7:10 | Research | Loom |
| 7:13 | Build | Farm |
| 7:23 | Build | Farm |
| 7:26 | Build | Farm |
| 7:30 | Build | House |
| 7:44 | Create | Villager (Male) |
| 8:17 | Create | Villager (Male) |
| 9:02 | Research | Feudal Age |
| 9:36 | Build | Mining Camp |
| 9:50 | Build | Farm |
| 10:21 | Create | Villager (Male) |
| 10:41 | Create | Villager (Male) |
| 11:12 | Age | Feudal Age |
| 11:21 | Build | Market |
| 11:27 | Build | Blacksmith |
| 11:37 | Build | Farm |
| 11:41 | Build | Farm |
| 11:46 | Build | Farm |
| 12:25 | Build | Mining Camp |
| 12:28 | Research | Castle Age |
| 12:36 | Build | House |
| 13:23 | Research | Double-Bit Axe |
| 13:27 | Research | Horse Collar |
| 14:32 | Build | Barracks |
| 14:45 | Build | Palisade Wall |
| 14:49 | Research | Forging |
| 14:56 | Build | Barracks |
| 15:07 | Create | Spearman |
| 15:08 | Age | Castle Age |
| 15:14 | Research | Scale Mail Armor |
| 15:30 | Create | Unit 1974 |
| 15:43 | Create | Unit 1974 |
| 15:48 | Create | Unit 1974 |
| 16:04 | Research | Squires |
| 16:16 | Create | Unit 1974 |
| 16:24 | Build | Siege Workshop |
| 17:10 | Create | Unit 1974 |
| 18:05 | Create | Mangonel |
Build order — TVHG.- Puntano
91 actions detected in the replay
| 0:01 | Create | Villager (Male) |
| 0:01 | Create | Villager (Male) |
| 0:02 | Create | Villager (Male) |
| 0:02 | Create | Villager (Male) |
| 0:02 | Create | Villager (Male) |
| 0:04 | Build | House |
| 0:06 | Build | House |
| 1:34 | Create | Villager (Male) |
| 1:35 | Create | Villager (Male) |
| 1:46 | Build | Lumber Camp |
| 1:56 | Create | Villager (Male) |
| 1:56 | Create | Villager (Male) |
| 2:11 | Create | Villager (Male) |
| 2:11 | Create | Villager (Male) |
| 2:28 | Create | Villager (Male) |
| 2:28 | Create | Villager (Male) |
| 2:56 | Create | Villager (Male) |
| 2:56 | Create | Villager (Male) |
| 3:21 | Create | Villager (Male) |
| 3:22 | Create | Villager (Male) |
| 3:51 | Create | Villager (Male) |
| 3:51 | Create | Villager (Male) |
| 4:28 | Build | House |
| 4:29 | Build | House |
| 4:32 | Build | House |
| 4:35 | Research | Loom |
| 4:42 | Build | Mill |
| 4:47 | Create | Villager (Male) |
| 4:47 | Create | Villager (Male) |
| 5:12 | Create | Villager (Male) |
| 5:12 | Create | Villager (Male) |
| 5:44 | Create | Villager (Male) |
| 5:44 | Create | Villager (Male) |
| 5:44 | Create | Villager (Male) |
| 6:07 | Build | Mill |
| 6:16 | Create | Villager (Male) |
| 6:16 | Create | Villager (Male) |
| 6:25 | Create | Villager (Male) |
| 6:25 | Create | Villager (Male) |
| 6:57 | Create | Villager (Male) |
| 7:07 | Create | Villager (Male) |
| 7:51 | Build | Mining Camp |
| 7:56 | Create | Villager (Male) |
| 8:31 | Create | Villager (Male) |
| 8:32 | Create | Villager (Male) |
| 8:32 | Create | Villager (Male) |
| 9:22 | Build | Mining Camp |
| 9:39 | Research | Feudal Age |
| 10:23 | Build | Farm |
| 10:24 | Build | Farm |
| 10:25 | Build | Farm |
| 10:46 | Create | Villager (Male) |
| 10:46 | Create | Villager (Male) |
| 12:14 | Age | Feudal Age |
| 12:18 | Build | Market |
| 12:21 | Build | Blacksmith |
| 12:25 | Build | Market |
| 13:26 | Research | Castle Age |
| 13:26 | Research | Castle Age |
| 13:59 | Build | Barracks |
| 14:11 | Research | Horse Collar |
| 14:22 | Research | Double-Bit Axe |
| 14:22 | Research | Double-Bit Axe |
| 14:47 | Build | Farm |
| 14:48 | Build | Farm |
| 14:48 | Build | Farm |
| 14:48 | Build | Farm |
| 14:48 | Build | Farm |
| 14:48 | Build | Farm |
| 14:49 | Build | Farm |
| 14:49 | Build | Farm |
| 14:57 | Research | Padded Archer Armor |
| 15:32 | Build | House |
| 15:32 | Build | House |
| 15:39 | Build | Archery Range |
| 16:01 | Create | Villager (Male) |
| 16:06 | Age | Castle Age |
| 16:13 | Build | University |
| 16:18 | Create | Villager (Male) |
| 16:21 | Build | Farm |
| 16:39 | Build | Monastery |
| 16:50 | Create | Villager (Male) |
| 17:13 | Create | Villager (Male) |
| 17:21 | Build | House |
| 17:22 | Build | House |
| 17:30 | Create | Monk |
| 17:33 | Research | Fervor |
| 17:41 | Research | Wheelbarrow |
| 17:45 | Build | Archery Range |
| 17:58 | Build | Farm |
| 18:00 | Build | Farm |
Build order — [H] Sir Benedict
86 actions detected in the replay
| 0:01 | Create | Villager (Male) |
| 0:02 | Create | Villager (Male) |
| 0:02 | Create | Villager (Male) |
| 0:02 | Create | Villager (Male) |
| 0:02 | Create | Villager (Male) |
| 0:03 | Create | Villager (Male) |
| 0:04 | Build | House |
| 0:10 | Build | House |
| 1:30 | Create | Villager (Male) |
| 1:30 | Create | Villager (Male) |
| 1:48 | Build | Lumber Camp |
| 2:04 | Create | Villager (Male) |
| 2:04 | Create | Villager (Male) |
| 2:25 | Create | Villager (Male) |
| 2:25 | Create | Villager (Male) |
| 2:43 | Create | Villager (Male) |
| 3:01 | Create | Villager (Male) |
| 3:01 | Create | Villager (Male) |
| 3:32 | Create | Villager (Male) |
| 3:32 | Create | Villager (Male) |
| 3:46 | Build | Mill |
| 3:47 | Create | Villager (Male) |
| 3:47 | Create | Villager (Male) |
| 3:53 | Build | House |
| 4:19 | Create | Villager (Male) |
| 4:19 | Create | Villager (Male) |
| 4:36 | Create | Villager (Male) |
| 5:10 | Create | Villager (Male) |
| 5:12 | Create | Villager (Male) |
| 5:33 | Build | Mill |
| 5:41 | Create | Villager (Male) |
| 6:00 | Create | Villager (Male) |
| 6:19 | Build | House |
| 6:45 | Create | Villager (Male) |
| 6:46 | Create | Villager (Male) |
| 6:53 | Build | House |
| 7:13 | Create | Villager (Male) |
| 8:03 | Create | Villager (Male) |
| 8:19 | Create | Villager (Male) |
| 8:44 | Research | Feudal Age |
| 8:52 | Build | Mining Camp |
| 10:02 | Build | Barracks |
| 10:12 | Create | Villager (Male) |
| 10:13 | Create | Villager (Male) |
| 10:22 | Build | Farm |
| 11:21 | Age | Feudal Age |
| 11:24 | Build | Blacksmith |
| 11:27 | Build | Market |
| 11:54 | Research | Horse Collar |
| 12:17 | Build | Farm |
| 12:20 | Research | Castle Age |
| 12:23 | Build | Farm |
| 12:27 | Build | Farm |
| 12:29 | Build | Farm |
| 12:59 | Build | Lumber Camp |
| 13:14 | Research | Double-Bit Axe |
| 13:15 | Research | Double-Bit Axe |
| 13:26 | Build | Farm |
| 13:42 | Build | Farm |
| 14:01 | Build | Farm |
| 14:08 | Build | Farm |
| 14:37 | Create | Villager (Male) |
| 14:37 | Create | Villager (Male) |
| 15:00 | Age | Castle Age |
| 15:04 | Build | Town Center |
| 15:07 | Create | Villager (Male) |
| 15:17 | Build | Town Center |
| 15:36 | Build | House |
| 15:38 | Build | House |
| 16:01 | Research | Arson |
| 16:03 | Create | Villager (Male) |
| 16:04 | Create | Villager (Male) |
| 16:04 | Create | Villager (Male) |
| 16:15 | Build | Farm |
| 16:16 | Build | Farm |
| 16:30 | Create | Villager (Male) |
| 16:31 | Create | Villager (Male) |
| 16:31 | Create | Villager (Male) |
| 16:41 | Build | Mining Camp |
| 16:58 | Create | Villager (Male) |
| 16:58 | Create | Villager (Male) |
| 16:59 | Create | Villager (Male) |
| 17:07 | Build | House |
| 17:24 | Research | Bow Saw |
| 17:49 | Create | Spearman |
| 17:49 | Create | Spearman |
Build order — Correntino
94 actions detected in the replay
| 0:01 | Create | Villager (Male) |
| 0:01 | Create | Villager (Male) |
| 0:03 | Build | House |
| 0:04 | Build | House |
| 0:17 | Create | Villager (Male) |
| 0:18 | Create | Villager (Male) |
| 0:18 | Create | Villager (Male) |
| 1:28 | Create | Villager (Male) |
| 1:29 | Create | Villager (Male) |
| 1:49 | Build | Lumber Camp |
| 1:57 | Create | Villager (Male) |
| 2:18 | Create | Villager (Male) |
| 2:18 | Create | Villager (Male) |
| 2:44 | Create | Villager (Male) |
| 2:44 | Create | Villager (Male) |
| 2:59 | Create | Villager (Male) |
| 3:38 | Create | Villager (Male) |
| 3:49 | Build | House |
| 4:01 | Build | Mill |
| 4:12 | Create | Villager (Male) |
| 4:13 | Create | Villager (Male) |
| 4:13 | Create | Villager (Male) |
| 5:02 | Create | Villager (Male) |
| 5:05 | Create | Villager (Male) |
| 5:06 | Create | Villager (Male) |
| 5:36 | Create | Villager (Male) |
| 6:21 | Create | Villager (Male) |
| 6:52 | Research | Feudal Age |
| 6:53 | Research | Feudal Age |
| 7:25 | Build | Barracks |
| 7:58 | Build | House |
| 8:30 | Build | House |
| 8:34 | Create | Villager (Male) |
| 9:02 | Age | Feudal Age |
| 9:06 | Create | Villager (Male) |
| 9:11 | Build | Stable |
| 9:27 | Research | Double-Bit Axe |
| 9:39 | Create | Villager (Male) |
| 9:58 | Create | Scout Cavalry |
| 9:59 | Create | Scout Cavalry |
| 9:59 | Create | Scout Cavalry |
| 10:07 | Create | Villager (Male) |
| 10:12 | Build | Blacksmith |
| 10:27 | Create | Villager (Male) |
| 10:39 | Create | Scout Cavalry |
| 10:56 | Build | Pasture |
| 10:59 | Build | Pasture |
| 11:02 | Create | Villager (Male) |
| 11:22 | Create | Villager (Male) |
| 11:38 | Build | House |
| 11:41 | Research | Tech 1014 |
| 12:04 | Research | Loom |
| 12:15 | Create | Villager (Male) |
| 12:32 | Build | Pasture |
| 12:32 | Build | Pasture |
| 12:32 | Build | Pasture |
| 12:33 | Build | Pasture |
| 12:33 | Build | Pasture |
| 12:33 | Build | Pasture |
| 12:33 | Build | Pasture |
| 12:34 | Build | Pasture |
| 12:39 | Create | Villager (Male) |
| 12:57 | Build | Pasture |
| 13:07 | Research | Forging |
| 13:08 | Create | Villager (Male) |
| 13:10 | Create | Scout Cavalry |
| 13:11 | Create | Scout Cavalry |
| 13:36 | Build | House |
| 13:37 | Build | House |
| 13:41 | Create | Scout Cavalry |
| 13:41 | Create | Scout Cavalry |
| 13:55 | Create | Villager (Male) |
| 14:07 | Build | Pasture |
| 14:09 | Build | Pasture |
| 14:18 | Create | Villager (Male) |
| 14:41 | Create | Villager (Male) |
| 14:48 | Build | Pasture |
| 14:54 | Create | Scout Cavalry |
| 14:57 | Create | Villager (Male) |
| 15:20 | Create | Villager (Male) |
| 15:46 | Create | Villager (Male) |
| 16:03 | Create | Villager (Male) |
| 16:08 | Build | Mining Camp |
| 16:16 | Research | Scale Barding Armor |
| 16:16 | Research | Scale Barding Armor |
| 16:17 | Create | Villager (Male) |
| 16:27 | Create | Scout Cavalry |
| 16:27 | Create | Scout Cavalry |
| 16:32 | Create | Villager (Male) |
| 16:37 | Build | House |
| 16:38 | Build | House |
| 17:09 | Create | Villager (Male) |
| 18:05 | Create | Villager (Male) |
| 18:05 | Create | Villager (Male) |
Match timeline
| 7:25 | Correntino · first_building Barracks |
| 8:30 | TVHG.Nitram Aoe · first_building Barracks |
| 9:02 | Correntino · age_up feudal |
| 9:11 | Correntino · first_building Stable |
| 9:43 | TVHG.llavero maldito · age_up feudal |
| 10:02 | [H] Sir Benedict · first_building Barracks |
| 10:27 | TVHG.llavero maldito · first_market_sell 500 stone |
| 10:29 | TVHG.llavero maldito · first_market_buy 100 food |
| 10:31 | TVHG.Nitram Aoe · age_up feudal |
| 11:12 | Pukaso · age_up feudal |
| 11:21 | [H] Sir Benedict · age_up feudal |
| 11:40 | 一点通 · age_up feudal |
| 11:51 | Xioeng | LvSP · age_up feudal |
| 12:14 | TVHG.- Puntano · age_up feudal |
| 13:09 | TVHG.llavero maldito · age_up castle |
| 13:11 | TVHG.llavero maldito · first_building Siege Workshop |
| 13:13 | TVHG.llavero maldito · first_building Monastery |
| 13:59 | TVHG.- Puntano · first_building Barracks |
| 14:20 | TVHG.Nitram Aoe · age_up castle |
| 14:23 | TVHG.Nitram Aoe · first_building Monastery |
| 14:32 | Pukaso · first_building Barracks |
| 14:45 | Pukaso · wall_segment Palisade Wall x1 |
| 15:00 | [H] Sir Benedict · age_up castle |
| 15:08 | Pukaso · age_up castle |
| 15:19 | 一点通 · age_up castle |
| 15:39 | TVHG.- Puntano · first_building Archery Range |
| 15:47 | Pukaso · first_market_sell 100 stone |
| 15:51 | Xioeng | LvSP · age_up castle |
| 15:57 | 一点通 · first_building Castle |
| 16:05 | Xioeng | LvSP · first_building Monastery |
| 16:06 | TVHG.- Puntano · age_up castle |
| 16:06 | TVHG.- Puntano · first_market_buy 100 wood |
| 16:16 | TVHG.Nitram Aoe · first_building Stable |
| 16:24 | Pukaso · first_building Siege Workshop |
| 16:39 | TVHG.- Puntano · first_building Monastery |
| 18:05 | TVHG.- Puntano · first_market_sell 100 stone |
[ AI ANALYSIS · 1 CREDIT ]
What really happened in this match?
Wolo.gg analyzes every decision: build order, eco, micro, common mistakes by bracket. Personalized analysis on WhatsApp or Discord in 30 seconds.
Civ guide
Huns
Perfil
Jugador #22243356